 Dungeon Crawl Stone Soup version 0.28-a0-1447-ga5a8893891 (webtiles) character file.

Game seed: 13772180724392879352

3245 HallandMoats the Fighter (level 9, -1/83 HPs)
             Began as a Minotaur Fighter on Jan 11, 2022.
             Was a Believer of Cheibriados.
             Engulfed by a steam dragon's steam (8 damage)
             ... on level 8 of the Dungeon on Jan 12, 2022.
             The game lasted 00:07:20 (8254 turns).

HallandMoats the Fighter (Minotaur Fighter)         Turns: 8254, Time: 00:07:21

Health: -1/83      AC:  7    Str: 29    XL:     9   Next: 67%
Magic:  11/11      EV: 12    Int: 10    God:    Cheibriados [**....]
Gold:   363        SH:  7    Dex: 16    Spells: 8/8 levels left

rFire   . . .      SeeInvis .   a - +0 war axe
rCold   . . .      Faith    .   c - +1 buckler
rNeg    . . .      Spirit   .   b - +0 scale mail
rPois   .          Reflect  .   (helmet restricted)
rElec   .          Harm     .   (no cloak)
rCorr   .          Rampage  .   (no gloves)
Will    +....                   (no boots)
Stlth   ..........              o - amulet of regeneration
HPRegen 0.23/turn               e - ring of willpower
MPRegen 0.12/turn               (no ring)

@: very slow
A: horns 2, retaliatory headbutt, claws 1, wild magic 1
a: Renounce Religion, Bend Time


You were on level 8 of the Dungeon.
You worshipped Cheibriados.
Cheibriados was pleased with you.
You visited 2 branches of the dungeon, and saw 9 of its levels.
You also visited: Sewer.

You collected 363 gold pieces.

Inventory:

Hand Weapons
 a - a +0 war axe (weapon)
Armour
 b - a +0 scale mail (worn)
 c - a +1 buckler (worn)
Jewellery
 e - a ring of willpower (left claw)
 o - an amulet of regeneration (around neck)
 p - a ring of poison resistance
 t - a ring of fire
Wands
 d - a wand of iceblast (6)
 g - a wand of polymorph (13)
 i - a wand of mindburst (16)
 n - a wand of acid (10)
Scrolls
 l - a scroll of magic mapping
 m - a scroll of amnesia
Potions
 f - 2 potions of resistance
 h - a potion of invisibility {unknown}
 k - a potion of magic {unknown}
 q - a potion of cancellation {unknown}
 r - a potion of berserk rage {unknown}
 s - a potion of ambrosia {unknown}
 v - a potion of curing


   Skills:
 * Level 9.1 Fighting
 * Level 8.7 Axes
 + Level 6.7 Armour
 + Level 5.0 Dodging
 + Level 6.8 Shields
 + Level 4.5 Invocations


You had 8 spell levels left.
You didn't know any spells.
Your spell library contained the following spells:

 Spells                   Type           Power      Damage    Failure   Level
 Magic Dart               Conj           0%         1d3       75%         1
 Call Imp                 Summ           0%         N/A       87%         2
 Call Canine Familiar     Summ           0%         N/A       98%         3
 Dazzling Flash           Conj/Hex       0%         N/A       98%         3
 Mephitic Cloud           Conj/Pois/Air  0%         N/A       98%         3
 Portal Projectile        Hex/Tloc       0%         N/A       98%         3
 Tukima's Dance           Hex            0%         N/A       98%         3
 Iskenderun's Mystic Bla  Conj/Tloc      0%         2d3       100%        4
 Leda's Liquefaction      Hex/Erth       0%         N/A       100%        4
 Passage of Golubria      Tloc           0%         N/A       100%        4
 Yara's Violent Unravell  Hex/Tmut       0%         3d3       100%        5
 Starburst                Conj/Fire      0%         6d3       100%        6
 Borgnjor's Revivificati  Necr           0%         N/A       100%        8
 Necromutation            Tmut/Necr      0%         N/A       100%        8
 Death's Door             Necr           0%         N/A       100%        9


Dungeon Overview and Level Annotations

Branches:
Dungeon (8/15)             Temple (1/1) D:4           Sewer (visited)
   Lair: D:8-11

Altars:
Ashenzari
Cheibriados
Dithmenos
Elyvilon
Fedhas
Gozag
Hepliaklqana
Kikubaaqudgha
Makhleb
Nemelex Xobeh
Okawaru
Qazlal
Ru
Sif Muna
Trog
Uskayaw
Vehumet
Wu Jian
Xom
Yredelemnul
Zin
The Shining One


Innate Abilities, Weirdness & Mutations

You have a pair of horns on your head.
You reflexively headbutt those who attack you in melee.
You have sharp fingernails.
Your spells are a little harder to cast, but a little more powerful.


Message History

The troll is heavily wounded.
The troll misses you. You furiously retaliate!
You headbutt the troll! The troll claws you. The troll closely misses you.
You slash the troll!
You kill the troll!
Cheibriados appreciates the change of pace.
The centaur unwields a +0 shortbow.
The centaur barely misses you. The centaur kicks you.
Your Fighting skill increases to level 9!
You hit the centaur.
The centaur is moderately wounded.
The centaur hits you but does no damage.
You block the centaur's attack.
The centaur hits you but does no damage.
The centaur completely misses you.
You slash the centaur!
The centaur is severely wounded.
The centaur hits you but does no damage.
The centaur kicks you but does no damage.
You slash the centaur!
You kill the centaur!
Cheibriados thoroughly appreciates the change of pace.
The steam dragon breathes steam at you. The ball of steam hits you!
* * * LOW HITPOINT WARNING * * *
Your Dodging skill increases to level 5!
You are engulfed in a cloud of scalding steam.
* * * LOW HITPOINT WARNING * * *
You block the steam dragon's attack. The steam dragon closely misses you. x2
You block the steam dragon's attack.
Items here: ( ) ††.
You slash the steam dragon!
The steam dragon is moderately wounded.
You are engulfed in a cloud of scalding steam.
* * * LOW HITPOINT WARNING * * *
You block the steam dragon's attack. The steam dragon barely misses you.
You barely miss the steam dragon. Your headbutt misses the steam dragon.
The steam dragon is moderately wounded.
You are engulfed in a cloud of scalding steam.
You die...

##........ .
#......... ..
#......... ...
#......... ....
#......... .D...####
#......... ........##
##........
......#..#####
##........ .T...
##.D@§§#####.........
....
#####...............
... #######.........
.. #......... .
###.........
............
####........
###......... #
#......####.


You could see a steam dragon.

Vanquished Creatures
  Maggie (D:7)
  A troll (D:8)
  Sigmund (D:2)
  The ghost of Grognak the Chopper, an amateur MiBe of Trog (D:4)
  Menkaure (D:4)
  Duvessa (D:4)
  2 sky beasts
  2 black bears (D:7)
  2 water moccasins
  A necrophage (D:5)
  An ogre (D:5)
  3 centaurs
  3 kobold brigands
  2 scorpions
  A water moccasin skeleton (D:5)
  Dowan (D:4)
  6 killer bees (D:8)
  2 hounds (D:5)
  A bullfrog skeleton (D:4)
  2 orc priests (D:6)
  A centaur skeleton (D:6)
  An iguana (D:5)
  4 orc wizards
  A hound skeleton (D:5)
  A howler monkey zombie (D:7)
  9 adders
  5 river rats (Sewer)
  2 shadow imps
  3 white imps
  2 worms (D:3)
  3 dart slugs
  5 orcs
  6 endoplasms
  A giant cockroach (D:2)
  6 goblins
  6 hobgoblins
  10 jackals
  27 kobolds
  6 quokkas
  11 ball pythons
  3 bats
  2 frilled lizards
  23 rats
173 creatures vanquished.

Vanquished Creatures (others)
  A plant (D:1)
1 creature vanquished.

Grand Total: 174 creatures vanquished

Notes
Turn   | Place    | Note
-------+----------+-------------------------------------------
     0 | D:1      | HallandMoats the Minotaur Fighter began the quest for the
                  | Orb.
     0 | D:1      | Reached XP level 1. HP: 19/19 MP: 0/0
   357 | D:1      | Reached XP level 2. HP: 27/27 MP: 1/1
   453 | D:1      | You fall into a shaft and drop 1 floor!
   521 | D:2      | Reached skill level 4 in Fighting
   775 | D:2      | Found a shimmering blue altar of Sif Muna.
   777 | D:2      | Reached XP level 3. HP: 33/33 MP: 2/2
   994 | D:1      | Found a faded altar of an unknown god.
  1599 | D:2      | Noticed Sigmund
  1607 | D:2      | Killed Sigmund
  1608 | D:2      | Reached skill level 5 in Fighting
  1608 | D:2      | Reached skill level 1 in Dodging
  1608 | D:2      | Reached skill level 1 in Invocations
  1608 | D:2      | Reached XP level 4. HP: 17/42 MP: 2/4
  1608 | D:2      | Reached XP level 5. HP: 20/48 MP: 2/5
  1958 | D:2      | Found a burning altar of Makhleb.
  2398 | D:3      | Found an ancient bone altar of Kikubaaqudgha.
  2401 | D:3      | Found a broken altar of Ashenzari.
  2404 | D:3      | Found a shimmering altar of Xom.
  2407 | D:3      | Found a sparkling altar of Nemelex Xobeh.
  2539 | D:3      | Found a glowing drain.
  2554 | Sewer    | Entered a sewer
  2605 | Sewer    | Reached XP level 6. HP: 43/56 MP: 6/6
  3225 | Sewer    | Reached skill level 5 in Axes
  3810 | D:4      | Found a runed translucent door.
  3810 | D:4      | Noticed Grognak's ghost (amateur MiBe)
  3980 | D:4      | Found a staircase to the Ecumenical Temple.
  3980 | D:4      | Noticed Menkaure
  3988 | D:4      | Killed Menkaure
  3989 | D:4      | Reached skill level 6 in Fighting
  3989 | D:4      | Reached XP level 7. HP: 13/63 MP: 7/7
  3999 | Temple   | Entered the Ecumenical Temple
  4252 | Temple   | Became a worshipper of Cheibriados the Contemplative
  4347 | D:4      | Noticed Dowan
  4348 | D:4      | Noticed Duvessa
  4361 | D:4      | Killed Duvessa
  4362 | D:4      | Reached skill level 5 in Shields
  4364 | D:4      | Killed Dowan
  4365 | D:4      | Reached skill level 5 in Armour
  4881 | D:4      | Killed Grognak's ghost
  4955 | D:5      | Entered Level 5 of the Dungeon
  5151 | D:5      | Found a shimmering blue altar of Sif Muna.
  5163 | D:5      | Reached XP level 8. HP: 71/71 MP: 9/9
  5168 | D:5      | Found an opulent altar of Gozag.
  5317 | D:5      | Reached * piety under Cheibriados
  5356 | D:5      | Reached skill level 7 in Fighting
  6723 | D:6      | Reached ** piety under Cheibriados
  6919 | D:7      | Reached skill level 8 in Fighting
  7053 | D:7      | Found a radiant altar of Vehumet.
  7112 | D:7      | Reached XP level 9. HP: 58/81 MP: 10/10
  7204 | D:7      | Noticed Maggie
  7217 | D:7      | Gained mutation: You have sharp fingernails. [potion of
                  | mutation]
  7217 | D:7      | Gained mutation: Your spells are a little harder to cast,
                  | but a little more powerful. [potion of mutation]
  7220 | D:7      | Killed Maggie
  8235 | D:8      | Noticed a troll
  8248 | D:8      | Killed a troll
  8249 | D:8      | Reached skill level 9 in Fighting
  8252 | D:8      | Reached skill level 5 in Dodging
  8254 | D:8      | Engulfed by a steam dragon's steam

Illustrated notes

Levels and vault maps discovered:
D:1:      dpeg_arrival_round_c, layout_basic, dreamdust_ecumenical_altar_grove
D:2:      layout_loops_corners, basic_altar, kennysheep_flooded_box,
          uniq_sigmund
D:3:      layout_basic, grunt_temple_overflow_cloverleaf,
          cheibrodos_sewer_entry_bend
D:4:      layout_basic, minmay_temple_entry_mini_moons,
          hellmonk_ghost_happy_afterlife, kennysheep_potato,
          uniq_crazy_yiuf_cottage, uniq_menkaure, uniq_duvessa
D:5:      layout_basic, mainiacjoe_overflow_large_starburst
D:6:      layout_rooms, grunt_decor_clamped, minmay_misc_feat_rugged
D:7:      layout_cave_pools, lemuel_crystal_altar, serial_glass,
          glass_columns_a, glass_columns_b, uniq_maggie
D:8:      layout_rooms, lair_entry_dummy
Temple:   minmay_freezing_vapour_temple

Skill      XL: |  1  2  3  4  5  6  7  8  9 |
---------------+----------------------------+-----
Fighting       | 4 5 6 8 9 |  9.1
Axes           | 3 4 5 6 7 8 |  8.7
Armour         | 4 5 6 |  6.7
Dodging        | 1 2 3 4 5 |  5.0
Shields        | 4 5 6 |  6.8
Invocations    | 1 2 3 4 |  4.5

Action                   |  1- 3 |  4- 6 |  7- 9 || total
-------------------------+-------+-------+-------++-------
Melee: War axe           |    82 |   137 |   205 ||   424
       Headbutt          |     8 |    17 |    41 ||    66
Invok: Bend Time         |       |       |     1 ||     1
  Use: Potion            |     1 |       |     7 ||     8
       Scroll            |       |     5 |     6 ||    11
Armor: Scale mail        |    29 |    63 |    76 ||   168
Dodge: Dodged            |    47 |    73 |   123 ||   243
Block: Buckler           |    20 |    45 |    76 ||   141

Table legend: (Time is in decaauts)
 A = Elapsed time spent in this place.
 B = Non-inter-level travel time spent in this place.
 C = Inter-level travel time spent in this place.
 D = Time resting spent in this place.
 E = Time spent auto-exploring this place.
 F = Levels seen in this place.
 G = Mean time per level.
                   A        B        C        D        E       F      G
               +--------+--------+--------+--------+--------+-----+--------+
         Total |   9262 |   9073 |    189 |      0 |   7872 |  10 |  926.2 |
       Dungeon |   8054 |   7865 |    189 |      0 |   6894 |   8 | 1006.8 |
        Temple |    259 |    259 |      0 |      0 |    246 |   1 |  259.0 |
         Sewer |    947 |    947 |      0 |      0 |    731 |   1 |  947.0 |
               +--------+--------+--------+--------+--------+-----+--------+

Top non-repeatable levels by time:
     D:5: 1478 daAuts
     D:1: 1256 daAuts
     D:7: 1164 daAuts
     D:2: 1101 daAuts
     D:4: 1015 daAuts
     D:6: 994 daAuts
   Sewer: 947 daAuts
     D:3: 589 daAuts
     D:8: 455 daAuts
  Temple: 259 daAuts
